 Dungeon Crawl Stone Soup version 0.31-a0-702-gf82c85558f (webtiles) character file.

Game seed: 10643640114101968455

767 qw the Skirmisher (level 7, 0/44 HPs)
             Began as a Gargoyle Hunter on Sept 8, 2023.
             Slain by an orc
             ... wielding a +0 club
              (2 damage)
             ... on level 5 of the Dungeon.
             The game lasted 00:01:32 (3766 turns).

qw the Skirmisher (Gargoyle Hunter)                 Turns: 3766, Time: 00:01:33

Health: 0/44       AC: 11    Str: 15    XL:     7   Next: 82%
Magic:  7/7        EV: 11    Int:  9    God:
Gold:   195        SH:  0    Dex: 15    Spells: 6/6 levels left

rFire   . . .        Y - +1 shortbow (flame)
rCold   . . .        (shield currently unavailable)
rNeg    + . .        e - +0 ring mail
rPois   inf          (no helmet)
rElec   +            g - +0 cloak
rCorr   .            (no gloves)
SInv    .            (no boots)
Will    .....        (no amulet)
Stlth   +            (no ring)
HPRegen 0.27/turn    (no ring)
MPRegen 0.10/turn

%: no passive effects
@: no status effects
A: sickness immunity, AC +4, negative energy resistance 1, electricity
resistance, torment resistance 1, petrification resistance
a: no special abilities


You were on level 5 of the Dungeon.
You visited 2 branches of the dungeon, and saw 6 of its levels.

You collected 195 gold pieces.


Innate Abilities, Weirdness & Mutations

You are immune to sickness and miasma.
Your stone body is resilient. (AC +4)
You are immune to poison.
You resist negative energy. (rN+)
You are resistant to electric shocks. (rElec)
You are resistant to unholy torment.
You are immune to petrification.


   Skills:
 - Level 5.3 Fighting
 - Level 8.1 Ranged Weapons
 + Level 1.0 Armour
 - Level 1.5 Dodging
 - Level 1.1 Stealth


You had 6 spell levels left.
You didn't know any spells.
Your spell library was empty.

Inventory:

Hand Weapons
 Y - a +1 shortbow of flaming (weapon)
Armour
 e - a +0 ring mail (worn)
 g - a +0 cloak (worn)
Scrolls
 f - a scroll of identify
Potions
 b - a potion of resistance {unknown}
 c - a potion of haste
 d - a potion of ambrosia {unknown}
 h - a potion of might
 i - a potion of mutation {unknown}
 k - a potion of curing {unknown}

Dungeon Overview and Level Annotations

Branches:
Dungeon (5/15)             Temple (1/1) D:5

Altars:
Cheibriados
Elyvilon
Fedhas
Gozag
Hepliaklqana
Kikubaaqudgha
Makhleb
Nemelex Xobeh
Okawaru
Qazlal
Ru
Sif Muna
Trog
Xom
Yredelemnul
Zin
The Shining One

Shops:
D:2 *   D:4 :

Annotations:
D:5 Sigmund


Message History

An orc comes into view. It is wielding a +0 flail.
An orc comes into view. It is wielding a +0 hand axe.
An orc comes into view. It is wielding a +0 short sword.
Enter note:
Enter note:
3761 |||
Found retreat position at 5,3 (floor) with 0 blocking monsters and 1 monsters attacking at destination at distance 5
3761 ||| Stepping ~*~*~tactically~*~*~ (retreating).
Something hits you.
You shoot an arrow.
The arrow hits the phantom but does no damage.
The phantom closely misses you. Something hits you.
Enter note:
Enter note:
3763 |||
Found retreat position at 4,2 (floor) with 0 blocking monsters and 1 monsters attacking at destination at distance 4
3763 ||| Stepping ~*~*~tactically~*~*~ (retreating).
You shoot an arrow. The arrow hits the scorpion.
The arrow burns the scorpion.
The scorpion is moderately wounded.
The phantom hits you but does no damage.
3764 |||
Found retreat position at 4,2 (floor) with 0 blocking monsters and 1 monsters attacking at destination at distance 4
3764 ||| Stepping ~*~*~tactically~*~*~ (retreating).
You shoot an arrow.
The arrow hits the scorpion but does no damage.
The scorpion is moderately wounded.
The orc misses you. The phantom closely misses you.
You hear some strange, mumbled words.
A magic dart appears from out of thin air!
The magic dart hits you but does no damage.
An orc comes into view. It is wielding a +0 dagger.
3765 |||
Found retreat position at 4,2 (floor) with 0 blocking monsters and 1 monsters attacking at destination at distance 4
3765 ||| Stepping ~*~*~tactically~*~*~ (retreating).
You shoot an arrow.
The phantom hits you but does no damage.
Something hits you.
3766 |||
Found retreat position at 4,2 (floor) with 0 blocking monsters and 1 monsters attacking at destination at distance 4
3766 ||| Stepping ~*~*~tactically~*~*~ (retreating).
You shoot an arrow.
The sentinel's mark upon you fades away.
The phantom misses you. Something hits you but does no damage.
The orc hits you with a +0 club.
You die...

#.###......#.........#...#
.. #....######...o...##..# .
......#....###..o.....f....O
..#.#.#..........##..o.#...#
#####.......#.....##.#....
#.>.<..##.##o......##.
#....[..oo.O.#..##.... .
#.......oW##o#.....# ..
##......Oo@{s..)##.#.#
...........#!##......#
............#....>|##...
.........#....##......#
...........##....##.#....
.............##.. .# ##.
.........#.....#. .
........#.##..#.##. .. .$..
. ..


You could see an ogre, a phantom, a scorpion and 5 orcs.

Vanquished Creatures
  An ice beast (D:5)
  3 scorpions
  A jelly (D:5)
  5 orc priests (D:3)
  A hound (D:5)
  An iguana (D:4)
  2 orc wizards (D:3)
  4 gnolls (D:3)
  5 adders
  A white imp (D:5)
  A worm (D:3)
  A dart slug (D:4)
  18 orcs
  9 ball pythons
  4 bats
  2 endoplasms
  A giant cockroach (D:2)
  8 goblins
  6 hobgoblins
  3 jackals (D:4)
  3 quokkas
  3 frilled lizards
  10 kobolds
  5 rats
98 creatures vanquished.

Vanquished Creatures (others)
  An orc wizard (D:4)
1 creature vanquished.

Grand Total: 99 creatures vanquished

Notes
Turn   | Place    | Note
-------+----------+-------------------------------------------
     0 | D:1      | qw the Gargoyle Hunter began the quest for the Orb.
     0 | D:1      | Reached XP level 1. HP: 12/12 MP: 1/1
     0 | D:1      | 0 ||| qw: Version: 0.3-a-76-g4403597
     0 | D:1      | 0 ||| qw: Game counter: 1155
     0 | D:1      | 0 ||| qw: Melee chars always use a shield: true
     0 | D:1      | 0 ||| qw: God list: Okawaru
     0 | D:1      | 0 ||| qw: Allow faded altars: false
     0 | D:1      | 0 ||| qw: Do Orc after clearing Dungeon:15 true
     0 | D:1      | 0 ||| qw: Do second Lair branch before Depths: true
     0 | D:1      | 0 ||| qw: Lair rune preference: random
     0 | D:1      | 0 ||| qw: Goals: Normal
     0 | D:1      | 0 ||| PLANNING D:1-11
   132 | D:1      | Reached XP level 2. HP: 17/17 MP: 2/2
   968 | D:1      | 968 ||| UPGRADING to +0 ring mail.
   978 | D:1      | 978 ||| DROPPING +0 leather armour.
   979 | D:1      | 979 ||| UPGRADING to +0 cloak.
   984 | D:1      | 984 ||| READING scroll labelled PAUNAC CICECUA.
   985 | D:1      | 985 ||| READING scroll labelled SUUTIK EMYAHO.
   986 | D:1      | 986 ||| DROPPING scroll of butterflies.
  1038 | D:2      | Reached XP level 3. HP: 21/21 MP: 3/3
  1048 | D:2      | Found Ifeask's General Store.
  1056 | D:2      | 1056 ||| SHOPLISTING +0 helmet (63 gold, have 30).
  1056 | D:2      | 1056 ||| SHOPLISTING potion of might (56 gold, have 30).
  1079 | D:2      | Reached skill level 1 in Armour
  1348 | D:2      | Reached skill level 5 in Ranged Weapons
  1659 | D:2      | 1659 ||| READING scroll labelled NAPOQO PEABAYPN.
  1660 | D:2      | 1660 ||| READING scroll labelled OHIGEHU WOAVU.
  1664 | D:2      | 1664 ||| READING scroll labelled NURCHUJE HYTE.
  1665 | D:2      | 1665 ||| DRINKING 2 brown potions.
  1684 | D:3      | Reached skill level 3 in Fighting
  1684 | D:3      | Reached XP level 4. HP: 16/28 MP: 4/4
  1689 | D:3      | 1689 ||| Stepping ~*~*~tactically~*~*~ (outnumbered).
  1706 | D:3      | Reached XP level 5. HP: 23/32 MP: 5/5
  1712 | D:3      | Reached skill level 6 in Ranged Weapons
  1726 | D:3      | 1726 ||| FLEEEEING.
  1730 | D:3      | 1730 ||| STAIRDANCE
  1845 | D:3      | Reached XP level 6. HP: 38/38 MP: 6/6
  1965 | D:3      | Found a faded altar of an unknown god.
  2007 | D:3      | Found a stormy altar of Qazlal.
  2086 | D:3      | Found a hazy altar of Hepliaklqana.
  2115 | D:3      | Found a bloodstained altar of Trog.
  2512 | D:3      | 2512 ||| READING 2 scrolls labelled JUUCEO EMPEBEH.
  2513 | D:3      | 2513 ||| READING scroll of brand weapon.
  2513 | D:3      | 2513 ||| BRANDING +0 shortbow of chaos.
  2514 | D:3      | 2514 ||| READING scroll labelled XADALYLYRO.
  2573 | D:4      | Reached skill level 7 in Ranged Weapons
  2593 | D:4      | 2593 ||| Stepping ~*~*~tactically~*~*~ (outnumbered).
  2595 | D:4      | 2595 ||| Stepping ~*~*~tactically~*~*~ (outnumbered).
  2600 | D:4      | 2600 ||| Stepping ~*~*~tactically~*~*~ (outnumbered).
  2764 | D:4      | Found Qoaxu's Tremendous Tomes.
  2954 | D:4      | Reached XP level 7. HP: 34/43 MP: 7/7
  3431 | D:4      | 3431 ||| READING scroll labelled XUODOGR VUANEC.
  3464 | D:4      | 3464 ||| READING scroll labelled MORROA VOOMEO.
  3465 | D:4      | 3465 ||| READING scroll labelled HEPHIO GIPIUM.
  3466 | D:4      | 3466 ||| DRINKING 2 purple potions.
  3489 | D:5      | Entered Level 5 of the Dungeon
  3490 | D:5      | 3490 ||| STAIRDANCE
  3530 | D:5      | Reached skill level 8 in Ranged Weapons
  3530 | D:5      | 3530 ||| STAIRDANCE
  3673 | D:5      | Found a staircase to the Ecumenical Temple.
  3674 | D:5      | 3674 ||| PLANNING TEMPLE
  3674 | D:5      | 3674 ||| DRINKING 2 bubbling brown potions.
  3729 | D:5      | 3729 ||| DROPPING potion of lignification.
  3735 | Temple   | Entered the Ecumenical Temple
  3736 | Temple   | 3736 ||| PLANNING OKAWARU WORSHIP
  3736 | Temple   | 3736 ||| STAIRDANCE
  3737 | D:5      | Noticed Sigmund
  3738 | D:5      | 3738 ||| FLEEEEING.
  3743 | D:5      | 3743 ||| RETREATING.
  3759 | D:5      | HP: 6/44 [ogre/+0 giant club (17)]
  3760 | D:5      | 3760 ||| Stepping ~*~*~tactically~*~*~ (retreating).
  3761 | D:5      | 3761 ||| Stepping ~*~*~tactically~*~*~ (retreating).
  3762 | D:5      | HP: 2/44 [something (4)]
  3763 | D:5      | 3763 ||| Stepping ~*~*~tactically~*~*~ (retreating).
  3764 | D:5      | 3764 ||| Stepping ~*~*~tactically~*~*~ (retreating).
  3765 | D:5      | 3765 ||| Stepping ~*~*~tactically~*~*~ (retreating).
  3766 | D:5      | 3766 ||| Stepping ~*~*~tactically~*~*~ (retreating).
  3766 | D:5      | Slain by an orc

Levels and vault maps discovered:
D:1:      dpeg_arrival_lava_temple_mockup, layout_basic, hex_intersection,
          kennysheep_small_spiral, due_unseen_surprise
D:2:      layout_basic, serial_shops,
          nicolae_shop_temple_entry_statues_fountains
D:3:      layout_rooms, nicolae_qazlal_general_emergency,
          mainiacjoe_overflow_catwalk_spiral,
          hellmonk_ecumenical_altar_arch_garden, minmay_stone_trees_small,
          minivault_14, serial_bayou_crossing
D:4:      layout_basic, nicolae_shop_i_like_big_books, corexii_shack
D:5:      layout_cave_pools, minmay_temple_entry_ruins, uniq_sigmund
Temple:   dpeg_chambers_temple

Skill      XL: |  1  2  3  4  5  6  7 |
---------------+----------------------+-----
Armour         | 1 |  1.0
Ranged Weapons | 5 6 7 8 |  8.1
Fighting       | 3 4 5 |  5.3
Dodging        | |  1.5
Stealth        | |  1.1

Action                     |  1- 3 |  4- 6 |  7- 9 || total
---------------------------+-------+-------+-------++-------
   Fire: Shortbow          |    97 |   170 |    90 ||   357
    Use: Scroll            |     5 |     3 |     3 ||    11
         Potion            |     1 |       |     2 ||     3
 Armour: Leather armour    |     9 |       |       ||     9
         Ring mail         |     6 |    84 |    34 ||   124
  Dodge: Dodged            |    16 |    61 |    26 ||   103

Table legend:
 A = Non-vault XP
 B = Vault XP
 C = Vault XP percentage of total XP
 D = Non-vault monster count
 E = Vault monster count
 F = Vault count percentage of total count
                 A         B        C        D         E       F
            +---------+---------+-------+---------+---------+-------
      Total |    1096 |       1 |   0.1 |      98 |       1 |   1.0
            +---------+---------+-------+---------+---------+-------
        D:1 |      31 |       0 |   0.0 |      20 |       0 |   0.0
        D:2 |      35 |       0 |   0.0 |      16 |       0 |   0.0
        D:3 |     388 |       0 |   0.0 |      30 |       0 |   0.0
        D:4 |     326 |       1 |   0.3 |      26 |       1 |   3.7
        D:5 |     316 |       0 |   0.0 |       6 |       0 |   0.0
            +---------+---------+-------+---------+---------+-------
